Map: Kairos Junction LE

Players

Nerchio

  • Race: Zerg Zerg
  • Spawn Location: 5:00

ShaDoWn - Winner!

  • Race: Protoss Protoss
  • Spawn Location: 11:00

Event: 2019 WCS Spring

VOD

Have the link to the VOD?

Description

Time

  • Played on: May 17, 2019, 9:36 a.m.
  • Length: 7:53

All games in this series

Show
View Real Time Build Order
Export as new Build Order

Nerchio Zerg 

Build Orders: Hatch First 

Get SALT Encoding   

  12  0:00  Drone  
  13  0:12  Overlord  
  13  0:17  Drone  
  14  0:30  Drone x2  
  16  0:49  Hatchery  
  15  0:52  Drone  
  15  0:55  Drone  
  17  0:58  Drone  
  18  1:08  Extractor  
  17  1:14  Spawning Pool  
  17  1:17  Drone  
  17  1:20  Drone  
  18  1:27  Drone  
  19  1:38  Drone  
  20  1:49  Drone  
  20  1:52  Hatchery  
  20  2:00  Drone x2  
  22  2:07  Queen  
  24  2:10  Drone  
  25  2:16  Overlord  
  25  2:24  Queen  
  25  2:29  Metabolic Boost  
  27  2:33  Zergling x2  
  27  2:36  Drone  
  29  2:38  Drone  
  29  2:41  Drone  
  29  2:43  Drone  
  32  2:45  Drone  
  33  2:54  Overlord  
  33  2:55  Drone  
  34  3:00  Queen  
  34  3:04  Drone x2  
  38  3:07  Drone  
  39  3:16  Drone x2  
  39  3:17  Drone  
  39  3:19  Queen  
  44  3:26  Roach Warren  
  43  3:29  Drone x2  
  43  3:31  Extractor  
  43  3:33  Overlord  
  44  3:40  Spore Crawler, Drone  
  44  3:41  Drone  
  45  3:43  Drone  
  45  3:44  Drone  
  45  3:48  Spore Crawler  
  46  3:50  Spore Crawler  
  46  3:52  Drone  
  46  3:53  Drone  
  46  3:54  Drone  
  48  3:56  Drone  
  49  4:04  Overlord  
  49  4:14  Overlord  
  48  4:20  Overlord  
  48  4:22  Queen  
  48  4:24  Roach x3  
  56  4:30  Overlord  
  56  4:34  Roach x4  
  56  4:36  Overlord  
  56  4:37  Overlord  
  64  4:39  Zergling x2  
  64  4:40  Zergling x2  
  64  4:43  Zergling x4  
  68  4:46  Zergling x4  
  66  4:55  Drone  
  66  4:56  Drone x4  
  71  5:06  Roach x4  
  79  5:14  Lair  
  79  5:16  Drone x3  
  82  5:23  Roach x3  
  88  5:31  Extractor  
  88  5:32  Zergling x6  
  88  5:35  Overlord x2  
  90  5:40  Zergling x6  
  90  5:41  Zergling x2  
  93  5:51  Drone x4  
  97  6:02  Extractor  
  96  6:08  Zergling x22  
  96  6:10  Ravager x3  
  110  6:15  Zergling x2  
  110  6:16  Zergling x4  
  113  6:23  Overlord x3  
  113  6:31  Overlord  
  113  6:44  Ravager x5, Zergling x2  
  113  6:45  Zergling x18  
  127  6:55  Zergling x4  
  127  6:57  Zergling x2  
  127  7:00  Overseer x2  
  126  7:01  Zergling x2  
  126  7:08  Pneumatized Carapace, Overseer  
  126  7:09  Drone x7  
  126  7:13  Drone  
  126  7:14  Drone  
  133  7:22  Drone x3  
  127  7:27  Drone x2  
  127  7:29  Overseer  
  114  7:31  Zergling x2  
Show
View Real Time Build Order
Export as new Build Order

ShaDoWn Protoss - Winner!

Build Orders: 1 Gate Expand, Archon Immortal 

Get SALT Encoding   

  12  0:00  Probe  
  13  0:13  Probe  
  14  0:19  Pylon  
  14  0:25  Probe  
  15  0:28  Assimilator  
  15  0:34  Probe  
  16  0:43  Probe, Gateway  
  17  0:51  Probe  
  18  1:03  Probe  
  19  1:15  Probe  
  20  1:23  Nexus  
  20  1:34  Cybernetics Core  
  20  1:36  Probe  
  21  1:42  Assimilator  
  21  1:49  Probe  
  21  1:51  Pylon  
  22  2:00  Stalker  
  22  2:01  Probe  
  23  2:13  Probe  
  26  2:22  Warp Gate  
  26  2:25  Probe  
  27  2:31  Sentry  
  27  2:33  Probe x2  
  27  2:34  Robotics Facility  
  30  2:41  Probe x2  
  33  2:51  Probe x2  
  35  3:00  Gateway  
  35  3:02  Gateway  
  35  3:03  Probe x2  
  37  3:06  Sentry  
  37  3:08  Pylon  
  37  3:12  Immortal  
  39  3:15  Probe x2  
  45  3:27  Probe x2  
  47  3:39  Probe  
  47  3:40  Probe  
  49  3:51  Probe  
  49  3:52  Probe  
  49  3:55  Observer, Gateway  
  52  3:57  Gateway  
  52  3:59  Pylon  
  52  4:04  Assimilator, Probe x2  
  52  4:06  Assimilator  
  54  4:12  Pylon  
  54  4:16  Warp Prism  
  56  4:17  Zealot x2  
  56  4:19  Probe  
  56  4:24  Twilight Council  
  62  4:27  Forge  
  61  4:32  Probe  
  62  4:39  Probe  
  67  4:53  Immortal  
  67  5:01  Charge  
  67  5:04  Protoss Ground Weapons Level 1, Dark Shrine  
  67  5:05  Zealot  
  69  5:07  Pylon  
  69  5:08  Pylon  
  69  5:24  Gateway x2  
  69  5:29  Adept  
  69  5:30  Adept  
  69  5:32  Immortal  
  77  6:02  Probe  
  78  6:10  Probe  
  78  6:11  Immortal, Nexus  
  83  6:12  Pylon  
  83  6:15  Probe, Pylon  
  83  6:17  Dark Templar  
  86  6:22  Pylon  
  86  6:25  Pylon  
  86  6:30  Probe x2  
  86  6:36  Dark Templar x4  
  94  6:42  Probe  
  94  6:46  Probe  
  96  6:48  Gateway  
  96  6:49  Gateway  
  96  6:50  Warp Prism  
  98  6:54  Probe  
  98  6:58  Probe  
  96  7:06  Dark Templar x2, Probe  
  95  7:16  Dark Templar x3  
  99  7:23  Zealot  
  99  7:24  Probe  
  99  7:26  Probe  
  99  7:27  Probe  
  100  7:36  Archon  
  104  7:37  Archon  
  104  7:40  Zealot x2  
  104  7:41  Shield Battery  
  108  7:44  Shield Battery  
  108  7:47  Zealot x3  
Tags
 
Add a new tag
Caveats
  • Supply blocks, unpowered buildings, or Contaminate may cause inaccurate times.
  • Supply counts are checked every 10 seconds.